AoeStats
← [TMG] sandriko

Arena

508915061Analyzed
4v4 RM · 9d ago on Sep 24, 2026· 41m 55s· 8 players
Game mode
Random Map
Map size
Large (8 player)
Population
200
Speed
Normal
Resources
Standard
Victory
Conquest
Starting age
Dark Age
Ending age
Imperial Age
RankedLock teamsTeams togetherTeam positionsShared explorationLock speedFull tech treeHidden civsTurbo modeCheats
Victory
Defeat
🇬🇪 Mongols · Georgia
1608
+16
🇬🇪 Danes · Georgia
1603
+16
🇬🇪 Cumans · Georgia
1588
+17
🇬🇪 Khmer · Georgia
1578
+17
🇧🇾 Bohemians · Belarus
1678
-20
🇷🇺 Ethiopians · Russia
1642
-18
🇺🇦 Hindustanis · Ukraine
1604
-16
🇬🇪 Slavs · Georgia
1496
-12
[TMG] sandriko
10:11 Feudal Age
12:07 Double-Bit Axe
14:27 Castle Age
15:28 Bow Saw
22:15 Imperial Age
22:16 Onager
23:06 Loom
24:53 Chemistry
24:15 Siege Onager
27:44 Siege Engineers
29:09 Scale Mail Armor
30:08 Conscription
30:21 Chain Mail Armor
31:09 Forging
32:47 Plate Mail Armor
33:54 Iron Casting
36:51 Wheelbarrow
36:01 Town Watch
35:58 Horse Collar
36:09 Gold Mining
38:06 Heavy Plow
38:20 Northmen's Fury
41:08 Hand Cart
41:43 Caravan
[TMG] roogg
10:30 Feudal Age
13:25 Castle Age
11:26 Double-Bit Axe
11:45 Horse Collar
14:33 Bow Saw
15:00 Heavy Plow
20:33 Wheelbarrow
21:28 Gold Mining
24:11 Loom
24:43 Hand Cart
24:14 Town Watch
25:06 Scale Barding Armor
27:45 Imperial Age
25:48 Bloodlines
25:38 Husbandry
25:58 Forging
26:22 Chain Barding Armor
26:12 Husbandry
27:16 Iron Casting
27:55 Elite Battle Elephant
29:41 Plate Barding Armor
29:04 Stone Mining
29:49 Gold Shaft Mining
30:34 Conscription
31:49 Blast Furnace
32:23 Tusk Swords
33:52 Caravan
37:54 Coinage
42:47 Banking
[TMG] Lucipher
9:09 Feudal Age
13:08 Castle Age
11:18 Double-Bit Axe
14:05 Bow Saw
14:37 Loom
18:00 Horse Collar
23:37 Wheelbarrow
25:27 Hand Cart
25:10 Stone Mining
30:13 Imperial Age
27:43 Fletching
28:39 Bodkin Arrow
29:01 Padded Archer Armor
29:41 Masonry
30:44 Leather Archer Armor
30:54 Ballistics
30:30 Gold Mining
31:17 Stone Shaft Mining
31:05 Bloodlines
30:55 Husbandry
31:02 Thumb Ring
31:02 Bracer
32:07 Chemistry
31:56 Light Cavalry
32:32 Elite Mangudai
33:45 Parthian Tactics
36:15 Siege Engineers
38:14 Gold Shaft Mining
38:32 Hoardings
38:18 Conscription
38:38 Caravan
39:03 Onager
42:49 Drill
[TMG] zv
8:31 Feudal Age
9:07 Double-Bit Axe
10:24 Horse Collar
14:23 Gold Mining
15:39 Wheelbarrow
35:16 Castle Age
34:37 Stone Mining
34:43 Fletching
34:54 Padded Archer Armor
36:10 Bodkin Arrow
36:30 Leather Archer Armor
36:26 Bow Saw
37:04 Hand Cart
37:15 Scale Barding Armor
39:50 Imperial Age
37:33 Town Watch
37:34 Loom
38:01 Forging
38:37 Bloodlines
39:15 Chain Barding Armor
38:45 Light Cavalry
40:04 Iron Casting
39:57 Cavalier
41:15 Plate Barding Armor
41:02 Conscription
42:51 Blast Furnace
42:30 Gold Shaft Mining
42:57 Two-Man Saw
41:58 Heavy Plow
42:01 Town Patrol
[SWB]Ksana_13
10:42 Feudal Age
12:49 Double-Bit Axe
15:19 Castle Age
13:27 Horse Collar
16:48 Bow Saw
17:15 Heavy Plow
17:35 Loom
21:03 Loom
22:43 Gold Mining
24:23 Wheelbarrow
24:50 Gold Shaft Mining
27:57 Imperial Age
26:08 Bloodlines
26:40 Forging
26:38 Husbandry
27:13 Scale Barding Armor
27:53 Hand Cart
27:24 Town Watch
28:16 Iron Casting
28:22 Masonry
28:08 Murder Holes
28:12 Stone Mining
28:17 Heavy Camel Rider
29:41 Chain Barding Armor
30:13 Stone Shaft Mining
31:04 Blast Furnace
31:40 Plate Barding Armor
30:51 Imperial Camel Rider
35:11 Two-Man Saw
34:39 Caravan
34:40 Devotion
36:11 Conscription
35:53 Grand Trunk Road
36:10 Fletching
35:57 Light Cavalry
39:01 Coinage
39:44 Town Patrol
DzeDanik
9:44 Feudal Age
13:20 Castle Age
11:54 Double-Bit Axe
14:25 Town Watch
14:55 Loom
19:22 Bow Saw
21:28 Wheelbarrow
21:10 Fervor
20:52 Horse Collar
25:40 Imperial Age
24:24 Fortified Wall
24:44 Heavy Plow
26:03 Chemistry
38:38 Siege Engineers
39:49 Hand Cart
39:47 Masonry
40:42 Two-Man Saw
41:16 Guilds
41:12 Houfnice
Li_78
9:44 Feudal Age
13:12 Castle Age
11:00 Double-Bit Axe
13:04 Horse Collar
15:04 Wheelbarrow
14:53 Bow Saw
19:50 Gold Mining
20:04 Heavy Plow
22:57 Gold Shaft Mining
22:44 Hand Cart
22:19 Loom
24:05 Fletching
27:30 Imperial Age
25:35 Bodkin Arrow
25:46 Caravan
26:11 Ballistics
26:30 Thumb Ring
26:35 Padded Archer Armor
25:58 Crossbowman
26:47 Town Watch
29:14 Chemistry
28:19 Bracer
27:43 Arbalester
28:56 Leather Archer Armor
28:30 Arbalester
31:17 Ring Archer Armor
33:50 Siege Engineers
33:55 Masonry
36:55 Coinage
37:54 Banking
37:35 Guilds
38:29 Architecture
38:10 Fortified Wall
39:00 Elite Skirmisher
MeowMe
11:29 Feudal Age
15:15 Castle Age
13:04 Double-Bit Axe
13:31 Horse Collar
20:30 Bow Saw
21:53 Loom
22:55 Wheelbarrow
24:13 Hand Cart
23:48 Town Watch
24:49 Heavy Plow
25:08 Gold Mining
25:08 Stone Mining
29:29 Imperial Age
27:01 Town Patrol
27:08 Scale Mail Armor
27:18 Forging
27:32 Fortified Wall
27:42 Ballistics
27:31 Pikeman
28:11 Squires
27:32 Man-at-Arms
28:28 Chain Mail Armor
28:23 Forging
28:31 Redemption
29:42 Iron Casting
29:15 Scale Barding Armor
29:05 Fletching
30:25 Bloodlines
30:16 Husbandry
29:37 Light Cavalry
30:50 Plate Mail Armor
30:41 Chain Barding Armor
30:58 Devotion
30:44 Long Swordsman
31:21 Bodkin Arrow
31:27 Two-Handed Swordsman
32:25 Druzhina
34:53 Conscription
34:34 Detinets
35:35 Champion
35:35 Halberdier
37:34 Coinage
38:15 Blast Furnace
39:38 Hoardings
40:37 Banking
40:58 Masonry
40:21 Hussar
41:59 Chain Barding Armor
Connection lost

Rejoining the realm…

Still unreachable

The connection could not be restored.

Session expired

The server has moved on; the page needs a fresh start.